AoeStats
← Flizn

Arabian Desert

508717573Analyzed
1v1 RM · 9d ago on Sep 23, 2026· 18m 42s· 2 players
Game mode
Random Map
Map size
Tiny (2 player)
Population
200
Speed
Normal
Resources
Standard
Victory
Conquest
Starting age
Dark Age
Ending age
Imperial Age
RankedLock teamsTeams togetherTeam positionsShared explorationLock speedFull tech treeHidden civsTurbo modeCheats
Victory
Defeat
🇵🇹 Burgundians · Portugal
1041
+16
🇺🇸 Japanese · United States
1038
-16
The Imperial Age
8:03 Loom
10:16 Feudal Age
15:07 Castle Age
16:16 Husbandry
Flizn
7:16 Loom
10:51 Feudal Age
10:31 Double-Bit Axe
11:35 Gold Mining
11:55 Horse Collar
17:40 Scale Mail Armor
Connection lost

Rejoining the realm…

Still unreachable

The connection could not be restored.

Session expired

The server has moved on; the page needs a fresh start.